 Dungeon Crawl Stone Soup version 0.29-a0-819-g94b489e0ae (webtiles) character file.

Game seed: 1102074019746786733

353 xian the Conjurer (level 6, -2/36 HPs)
             Began as an Octopode Conjurer on July 7, 2022.
             Slain by an ice beast (6 damage)
             ... on level 4 of the Dungeon.
             The game lasted 00:07:03 (5061 turns).

xian the Conjurer (Octopode Conjurer)               Turns: 5061, Time: 00:07:03

Health: -2/36      AC:  1    Str:  6    XL:     6   Next: 62%
Magic:  1/12       EV: 13    Int: 22    God:
Gold:   192        SH:  0    Dex: 11    Spells: 10/13 levels left

rFire   . . .      SeeInvis .   h - +0 club
rCold   + . .      Faith    .   (no shield)
rNeg    . . .      Spirit   .   (helmet restricted)
rPois   .          Reflect  .   (no amulet)
rElec   .          Harm     .   o - ring "Xalainoj" {Fly rC+}
rCorr   .          Rampage  .   (no ring)
Will    .....                   (no ring)
Stlth   +++.......              (no ring)
HPRegen 0.12/turn               (no ring)
MPRegen 0.13/turn               (no ring)
                                (no ring)
                                (no ring)

@: flying
A: almost no armour, amphibious, 8 rings, camouflage 1, gelatinous body 1,
(nimble swimmer 1), tentacles
a: no special abilities


You were on level 4 of the Dungeon.
You visited 1 branch of the dungeon, and saw 4 of its levels.

You collected 192 gold pieces.

Inventory:

Hand Weapons
 h - a +0 club (weapon)
Jewellery
 o - the ring "Xalainoj" (left tentacle) {Fly rC+}
   (You acquired it on level 3 of the Dungeon)

   [ring of flight]

   rC:        It protects you from cold.
   Fly:       It grants you flight.
Wands
 p - a wand of digging (5)
Scrolls
 d - a scroll of vulnerability
 g - a scroll of teleportation
 i - 2 scrolls of brand weapon
 m - 2 scrolls of identify
 q - a scroll of fear
Potions
 a - 2 potions of magic
 b - a potion of resistance {unknown}
 c - a potion of curing
 f - a potion of ambrosia {unknown}
 j - 2 potions of lignification
 k - a potion of haste {unknown}
 l - a potion of attraction {unknown}
 n - a potion of mutation {unknown}


   Skills:
 + Level 0.2 Fighting
 + Level 2.2 Dodging
 + Level 4.0 Stealth
 + Level 4.2 Spellcasting
 + Level 5.9 Conjurations


You had 10 spell levels left.
You knew the following spells:

 Your Spells              Type           Power      Damage    Failure   Level
a - Magic Dart            Conj           100%       1d8       1%          1
b - Searing Ray           Conj           60%        2d6       1%          2

Your spell library contained the following spells:

 Spells                   Type           Power      Damage    Failure   Level
 Dazzling Flash           Conj/Hex       34%        N/A       10%         3
 Fulminant Prism          Conj/Hex       8%         3d7       32%         4
 Iskenderun's Mystic Bla  Conj/Tloc      17%        2d5       32%         4


Dungeon Overview and Level Annotations

Branches:
Dungeon (4/15)
 Temple: D:4-7

Altars:
Qazlal

Shops:
D:2 :


Innate Abilities, Weirdness & Mutations

You cannot wear most types of armour.
You are amphibious.
You can wear up to eight rings at the same time.
Your skin changes colour to match your surroundings (Stealth+).
Your rubbery body absorbs attacks. (AC +1, EV +1)
((You are camouflaged when in or above water. (Stealth+)))
You have tentacles for arms and can constrict up to eight enemies at once.


Message History

The searing ray hits the scorpion!
The scorpion is almost dead.
The searing ray misses the ice beast.
The searing ray hits the hobgoblin!
You kill the hobgoblin! (Press . to maintain the ray.)
The scorpion misses you. The scorpion barely misses you.
The searing ray hits the scorpion!
You kill the scorpion!
The searing ray hits the ice beast.
The ice beast is lightly wounded.
Your Spellcasting skill increases to level 4!
The searing ray hits the ice beast!
The ice beast is heavily wounded.
The ice beast hits you. The ice beast freezes you. You resist.
The searing ray misses the ice beast.
The searing ray hits the hound!
The hound is almost dead.
You finish channelling your searing ray.
The ice beast hits you. The ice beast freezes you. You resist.
* * * LOW HITPOINT WARNING * * *
Casting: Searing Ray (safe; 1% risk of failure)
Confirm with . or Enter, or press ? or * to list all spells.
Aiming: Searing Ray (safe; 1% risk of failure)
Press: ? - help, Shift-Dir - straight line, f - hound
Aim: a hound (almost dead, 71% to hit)
The searing ray hits the ice beast.
The ice beast is severely wounded.
The searing ray hits the hound.
You kill the hound! (Press . to maintain the ray.)
The ice beast hits you.
* * * LOW HITPOINT WARNING * * *
The ice beast freezes you. You resist.
* * * LOW HITPOINT WARNING * * *
Your Stealth skill increases to level 4!
The searing ray hits the ice beast.
The ice beast is severely wounded.
The ice beast hits you.
* * * LOW HITPOINT WARNING * * *
The ice beast freezes you. You resist.
You die...

##'## #.##### ##...## #.....#
##.....## #####.# #...)...##
##.#.## ##
#.........####.....#####.
.'.........'............#.
############..####...#.###.'.
.'..###...#.## ##.##.# ###.
#...#'.8.#@# ####.# #.
#...#...#Y# #.# ## #..#.g.#†#
#.# #. #'.8.'.# #.# ##
#.#...### #.# #..#..)# #.#
..##'.8.# ##. ##...# # #####


You could see an ice beast.

Vanquished Creatures
  An ogre (D:3)
  A scorpion (D:4)
  2 hounds (D:4)
  An iguana (D:4)
  5 adders
  5 worms
  5 dart slugs
  4 orcs (D:4)
  A ball python (D:4)
  4 endoplasms
  2 giant cockroaches
  5 goblins
  6 hobgoblins
  4 kobolds
  A quokka (D:1)
  5 bats
  5 frilled lizards
  A rat (D:1)
58 creatures vanquished.

Notes
Turn   | Place    | Note
-------+----------+-------------------------------------------
     0 | D:1      | xian the Octopode Conjurer began the quest for the Orb.
     0 | D:1      | Reached XP level 1. HP: 11/11 MP: 3/3
   376 | D:1      | Reached XP level 2. HP: 17/17 MP: 3/5
   402 | D:1      | Learned a level 2 spell: Searing Ray
  1098 | D:2      | Reached XP level 3. HP: 11/21 MP: 1/6
  1839 | D:2      | Reached XP level 4. HP: 27/27 MP: 4/7
  1895 | D:2      | Found Leocliv's Book Shoppe.
  2225 | D:3      | Reached skill level 5 in Conjurations
  2426 | D:3      | Found a faded altar of an unknown god.
  3032 | D:3      | Noticed an ogre
  3041 | D:3      | Killed an ogre
  3042 | D:3      | Reached XP level 5. HP: 12/31 MP: 0/9
  3263 | D:3      | Identified a scroll of acquirement
  3263 | D:3      | Acquired the ring "Xalainoj" {Fly rC+}
  4330 | D:4      | Found a stormy altar of Qazlal.
  4435 | D:4      | Reached XP level 6. HP: 36/36 MP: 5/11
  4616 | D:4      | Noticed an orc warrior
  5047 | D:4      | Noticed an ice beast
  5061 | D:4      | Slain by an ice beast

Illustrated notes

Levels and vault maps discovered:
D:1:      dpeg_arrival_castle, layout_rooms, kennysheep_boxes
D:2:      layout_basic, serial_shops, nicolae_shop_hallway_plus
D:3:      layout_basic, serial_curves, eino_curves_04, eino_curves_02,
          eino_curves_01, eino_curves_04,
          dreamdust_ecumenical_altar_angels_and_demons,
          chequers_serial_rivers_small_3
D:4:      minmay_chambers_of_threes, layout_loops_corners, kennysheep_little_box

Skill      XL: |  1  2  3  4  5  6 |
---------------+-------------------+-----
Stealth        | 3 4 |  4.0
Conjurations   | 5 |  5.9
Spellcasting   | 3 4 |  4.2
Fighting       | |  0.2
Dodging        | |  2.2

Action                   |  1- 3 |  4- 6 || total
-------------------------+-------+-------++-------
Melee: Unarmed           |     6 |       ||     6
       Constrict         |     1 |       ||     1
       Tentacles         |     1 |       ||     1
 Cast: Magic Dart        |    62 |    65 ||   127
       Searing Ray       |     3 |    10 ||    13
  Use: Scroll            |     5 |     5 ||    10
       Potion            |       |     1 ||     1
Armor: Skin              |     1 |     1 ||     2
Dodge: Dodged            |     7 |    17 ||    24

Table legend: (Time is in decaauts)
 A = Elapsed time spent in this place.
 B = Non-inter-level travel time spent in this place.
 C = Inter-level travel time spent in this place.
 D = Time resting spent in this place.
 E = Time spent auto-exploring this place.
 F = Levels seen in this place.
 G = Mean time per level.
                   A        B        C        D        E       F      G
               +--------+--------+--------+--------+--------+-----+--------+
         Total |   5060 |   4972 |     88 |     41 |   4520 |   4 | 1265.0 |
       Dungeon |   5060 |   4972 |     88 |     41 |   4520 |   4 | 1265.0 |
               +--------+--------+--------+--------+--------+-----+--------+

Top non-repeatable levels by time:
     D:3: 1600 daAuts
     D:2: 1425 daAuts
     D:4: 1272 daAuts
     D:1: 762 daAuts
